 Dungeon Crawl Stone Soup version 0.30-a0-161-gdd60e06945 (webtiles) character file.

Game seed: 6632076878485009523

1224 qw the Cleaver (level 8, -9/49 HPs)
             Began as a Gargoyle Fighter on Sept 27, 2022.
             Mangled by Duvessa
             ... wielding a +0 rapier
              (11 damage)
             ... on level 7 of the Dungeon.
             The game lasted 00:01:49 (6376 turns).

qw the Cleaver (Gargoyle Fighter)                   Turns: 6376, Time: 00:01:50

Health: -9/49      AC: 16    Str: 22    XL:     8   Next: 47%
Magic:  0/8        EV:  9    Int:  9    God:
Gold:   323        SH:  4    Dex:  9    Spells: 7/7 levels left

rFire   . . .      SeeInvis .    Y - +2 war axe
rCold   . . .      Faith    .    c - +0 buckler
rNeg    + . .      Spirit   +    b - +0 scale mail
rPois   inf        Reflect  .    g - +0 helmet
rElec   +          Harm     .    (no cloak)
rCorr   .          Rampage  .    (no gloves)
Will    .....                    j - +2 pair of boots
Stlth   ..........               a - amulet of guardian spirit
HPRegen 0.16/turn                (no ring)
MPRegen 0.11/turn                (no ring)

@: lit by a corona, about to teleport, glowing
A: sickness immunity, AC +5, negative energy resistance 1, electricity
resistance, torment resistance 1, petrification resistance
a: no special abilities


You were on level 7 of the Dungeon.
You visited 1 branch of the dungeon, and saw 7 of its levels.

You collected 323 gold pieces.


Innate Abilities, Weirdness & Mutations

You are immune to sickness and miasma.
Your stone body is resilient. (AC +5)
You are immune to poison.
You resist negative energy. (rN+)
You are resistant to electric shocks. (rElec)
You are resistant to unholy torment.
You are immune to petrification.


   Skills:
 + Level 5.3 Fighting
 - Level 8.0 Axes
 - Level 2.3 Throwing
 - Level 3.2 Armour
 - Level 1.0 Dodging
 - Level 3.2 Shields


You had 7 spell levels left.
You didn't know any spells.
Your spell library was empty.

Inventory:

Hand Weapons
 h - a +1 hand axe of flaming
 Y - a +2 war axe (weapon)
Missiles
 e - 4 silver javelins (quivered)
 f - 2 javelins
 p - 8 boomerangs
Armour
 b - a +0 scale mail (worn)
 c - a +0 buckler (worn)
 g - a +0 helmet (worn)
 j - a +2 pair of boots (worn)
Jewellery
 a - an amulet of guardian spirit (around neck)
Scrolls
 i - 2 scrolls of teleportation
 k - 7 scrolls of identify
 l - a scroll of amnesia {unknown}
Potions
 d - a potion of might
 m - 2 potions of resistance
 o - a potion of attraction
 r - 3 potions of curing

Dungeon Overview and Level Annotations

Branches:
Dungeon (7/15)
 Temple: D:4-7

Altars:
Ashenzari
Gozag
Hepliaklqana
Makhleb
Ru
Uskayaw
The Shining One

Annotations:
D:7 Duvessa


Message History

You kill Dowan!
Duvessa screams, "No!
How DARE you!"
Duvessa goes berserk!
You barely miss Duvessa. You block Duvessa's attack. Duvessa barely misses you.
Your Axes skill increases to level 8!
You barely miss Duvessa.
Duvessa is moderately wounded.
Duvessa hits you but does no damage. Duvessa barely misses you.
You barely miss Duvessa.
Duvessa is moderately wounded.
Duvessa hits you with a +0 rapier.
You hit Duvessa but do no damage.
Duvessa is moderately wounded.
Duvessa hits you with a +0 rapier. x2
You closely miss Duvessa.
Duvessa is moderately wounded.
Duvessa hits you with a +0 rapier! Duvessa hits you but does no damage.
You hit Duvessa.
Duvessa is heavily wounded.
Duvessa barely misses you. Duvessa closely misses you.
You barely miss Duvessa.
Duvessa is heavily wounded.
Duvessa hits you with a +0 rapier.
You slash Duvessa!
Duvessa is severely wounded.
Duvessa hits you with a +0 rapier. Duvessa barely misses you.
You slash Duvessa!
Duvessa is almost dead.
You block Duvessa's attack. Duvessa hits you with a +0 rapier.
You hit Duvessa but do no damage.
Duvessa is almost dead.
Duvessa barely misses you.
You closely miss Duvessa.
Duvessa is almost dead.
Duvessa closely misses you. Duvessa hits you with a +0 rapier!
6376 ||| READING 3 scrolls of teleportation.
As you read the scroll of teleportation, it crumbles to dust.
You feel strangely unstable. Duvessa hits you with a +0 rapier! x2
You die...

#.### #.# #...#
#.# ###.# #.#
#.# #.# #.# #.#
# #.# #.# ..#
#.#
####.#######...#
#.#
#........e......
#.#
#.##....@)....#
#.#
#.########....#
#.# #.# #..# #.#
#.# .# #.# #.#
#.### #.# #...#
#<# ###.# #.#
#.# #.#


You could see Duvessa (berserk, fast).

Vanquished Creatures
  2 ice beasts
  A black bear (D:5)
  An ogre (D:5)
  2 phantoms
  A kobold brigand (D:7)
  2 scorpions
  Dowan (D:7)
  A howler monkey (D:7)
  A gnoll bouda (D:5)
  Natasha (D:4)
  An orc wizard (D:5)
  Ijyb (D:5)
  2 iguanas
  12 gnolls
  3 adders
  2 shadow imps (D:5)
  3 white imps
  An ufetubus (D:5)
  A worm (D:3)
  14 orcs
  5 ball pythons
  4 endoplasms
  3 giant cockroaches
  2 goblins
  5 hobgoblins
  12 jackals
  13 kobolds
  5 quokkas
  7 bats
  4 frilled lizards
  3 rats
116 creatures vanquished.

Vanquished Creatures (others)
  3 demonic plants (D:5)
3 creatures vanquished.

Grand Total: 119 creatures vanquished

Notes
Turn   | Place    | Note
-------+----------+-------------------------------------------
     0 | D:1      | qw the Gargoyle Fighter began the quest for the Orb.
     0 | D:1      | Reached XP level 1. HP: 14/14 MP: 1/1
     0 | D:1      | 0 ||| qw: Version: 0.2-a-10-g37ed214
     0 | D:1      | 0 ||| qw: Game counter: 672
     0 | D:1      | 0 ||| qw: Always use a shield: true
     0 | D:1      | 0 ||| qw: God list: Okawaru
     0 | D:1      | 0 ||| qw: Allow faded altars: false
     0 | D:1      | 0 ||| qw: Do Orc after D:15 true
     0 | D:1      | 0 ||| qw: Do second Lair branch before Depths: true
     0 | D:1      | 0 ||| qw: Lair rune preference: random
     0 | D:1      | 0 ||| qw: Plans: Normal, Zot:1-4, God:TSO, Crypt, Tomb,
                  | Pan, Slime:5, Hells, Abyss, Orb
     0 | D:1      | 0 ||| PLANNING D:1-11
    58 | D:1      | 58 ||| Stepping ~*~*~tactically~*~*~ (stealth).
    66 | D:1      | 66 ||| Stepping ~*~*~tactically~*~*~ (stealth).
    71 | D:1      | Reached skill level 2 in Axes
   361 | D:1      | Reached XP level 2. HP: 17/19 MP: 2/2
   482 | D:1      | 482 ||| Stepping ~*~*~tactically~*~*~ (stealth).
   492 | D:1      | 492 ||| DROPPING +0 club.
  1035 | D:1      | Reached skill level 3 in Axes
  1046 | D:1      | Reached XP level 3. HP: 23/23 MP: 3/3
  1164 | D:1      | 1164 ||| UPGRADING to +2 pair of boots.
  1169 | D:1      | 1169 ||| READING scroll labelled XUCEOT DOHUZI.
  1170 | D:1      | 1170 ||| READING scroll labelled GOOZAWNICEGG.
  1171 | D:1      | 1171 ||| READING 3 scrolls labelled GUINGU BASI.
  1176 | D:1      | 1176 ||| READING scroll labelled MAFICA WE BAD.
  1177 | D:1      | 1177 ||| READING scroll labelled JOONEKK YVVUUKHUBA.
  1352 | D:2      | Found a faded altar of an unknown god.
  1650 | D:2      | Reached skill level 1 in Throwing
  1686 | D:2      | Found a hide-covered altar of Uskayaw.
  1706 | D:2      | 1706 ||| READING scroll of enchant weapon.
  1706 | D:2      | 1706 ||| ENCHANTING +1 war axe.
  1859 | D:2      | Reached XP level 4. HP: 28/28 MP: 4/4
  1890 | D:2      | 1890 ||| DROPPING +0 whip.
  2067 | D:2      | 2067 ||| UPGRADING to amulet of guardian spirit.
  2072 | D:2      | 2072 ||| READING scroll labelled SANNIU GEYZIS.
  2073 | D:2      | 2073 ||| READING scroll labelled BYXU MEDWU.
  2074 | D:2      | 2074 ||| DRINKING 2 dark potions.
  2075 | D:2      | 2075 ||| DRINKING 3 cyan potions.
  2098 | D:3      | 2098 ||| STAIRDANCE
  2104 | D:3      | 2104 ||| Stepping ~*~*~tactically~*~*~ (stealth).
  2182 | D:3      | Found a hazy altar of Hepliaklqana.
  2410 | D:3      | 2410 ||| Stepping ~*~*~tactically~*~*~ (stealth).
  2437 | D:3      | 2437 ||| Stepping ~*~*~tactically~*~*~ (hiding).
  2440 | D:3      | Reached skill level 4 in Axes
  2445 | D:3      | Reached XP level 5. HP: 29/32 MP: 3/5
  2746 | D:3      | 2746 ||| UPGRADING to +0 helmet.
  2751 | D:3      | 2751 ||| DROPPING +0 helmet.
  2752 | D:3      | 2752 ||| READING scroll labelled EBRIOC SOMUOTI.
  2782 | D:4      | 2782 ||| Stepping ~*~*~tactically~*~*~ (stealth).
  2803 | D:4      | 2803 ||| Stepping ~*~*~tactically~*~*~ (stealth).
  2836 | D:4      | Found a burning altar of Makhleb.
  2837 | D:4      | Found a broken altar of Ashenzari.
  2923 | D:4      | Reached skill level 5 in Axes
  2962 | D:4      | 2962 ||| Stepping ~*~*~tactically~*~*~ (stealth).
  2963 | D:4      | 2963 ||| Stepping ~*~*~tactically~*~*~ (stealth).
  2983 | D:4      | Noticed Natasha
  2995 | D:4      | Killed Natasha
  2996 | D:4      | Reached XP level 6. HP: 36/38 MP: 6/6
  3027 | D:4      | Found a sacrificial altar of Ru.
  3027 | D:4      | Found an opulent altar of Gozag.
  3229 | D:4      | 3229 ||| READING 4 scrolls of identify.
  3229 | D:4      | 3229 ||| IDENTIFYING grey potion
  3230 | D:4      | 3230 ||| READING 3 scrolls of identify.
  3230 | D:4      | 3230 ||| IDENTIFYING lumpy yellow potion
  3231 | D:4      | 3231 ||| DROPPING potion of brilliance.
  3247 | D:5      | Entered Level 5 of the Dungeon
  3258 | D:5      | Noticed an ice beast
  3280 | D:5      | Killed an ice beast
  3309 | D:5      | Reached skill level 1 in Dodging
  3754 | D:5      | Found a glowing golden altar of the Shining One.
  3774 | D:5      | Reached XP level 7. HP: 44/44 MP: 7/7
  3795 | D:5      | Reached skill level 6 in Axes
  3845 | D:5      | Noticed Ijyb
  3846 | D:5      | 3846 ||| DRINKING potion of curing.
  3846 | D:5      | 3846 ||| (to cure confusion)
  3873 | D:5      | HP: 8/44 [phantom (4)]
  3877 | D:5      | 3877 ||| READING 3 scrolls of teleportation.
  3880 | D:5      | HP: 7/44 [phantom (1)]
  4276 | D:5      | Killed Ijyb
  4408 | D:5      | 4408 ||| Stepping ~*~*~tactically~*~*~ (stealth).
  4419 | D:5      | 4419 ||| Stepping ~*~*~tactically~*~*~ (stealth).
  4420 | D:5      | 4420 ||| Stepping ~*~*~tactically~*~*~ (stealth).
  4426 | D:5      | 4426 ||| Stepping ~*~*~tactically~*~*~ (stealth).
  4535 | D:5      | 4535 ||| FLEEEEING.
  4536 | D:5      | 4536 ||| FLEEEEING.
  4538 | D:5      | 4538 ||| Stepping ~*~*~tactically~*~*~ (hiding).
  5368 | D:5      | 5368 ||| READING scroll labelled JONUNEWITYL.
  5369 | D:5      | 5369 ||| READING scroll labelled NIYCRO UGECHI.
  5370 | D:5      | 5370 ||| DRINKING 2 murky grey potions.
  5471 | D:5      | 5471 ||| DROPPING potion of ambrosia.
  5636 | D:6      | 5636 ||| Stepping ~*~*~tactically~*~*~ (hiding).
  5637 | D:6      | 5637 ||| Stepping ~*~*~tactically~*~*~ (hiding).
  5776 | D:6      | 5776 ||| Stepping ~*~*~tactically~*~*~ (stealth).
  5836 | D:6      | Reached XP level 8. HP: 48/48 MP: 8/8
  6132 | D:7      | 6132 ||| Stepping ~*~*~tactically~*~*~ (stealth).
  6133 | D:7      | 6133 ||| Stepping ~*~*~tactically~*~*~ (stealth).
  6135 | D:7      | Reached skill level 7 in Axes
  6152 | D:7      | 6152 ||| Stepping ~*~*~tactically~*~*~ (stealth).
  6153 | D:7      | 6153 ||| Stepping ~*~*~tactically~*~*~ (stealth).
  6154 | D:7      | 6154 ||| Stepping ~*~*~tactically~*~*~ (stealth).
  6156 | D:7      | 6156 ||| Stepping ~*~*~tactically~*~*~ (stealth).
  6356 | D:7      | Noticed Dowan
  6357 | D:7      | Noticed Duvessa
  6365 | D:7      | Killed Dowan
  6366 | D:7      | Reached skill level 8 in Axes
  6375 | D:7      | HP: 11/49 [Duvessa/+0 rapier (7)]
  6376 | D:7      | 6376 ||| READING 3 scrolls of teleportation.
  6376 | D:7      | HP: 2/49 [Duvessa/+0 rapier (9)]
  6376 | D:7      | Mangled by Duvessa

Levels and vault maps discovered:
D:1:      erik_arrival_orb_chamber, layout_basic
D:2:      layout_basic, basic_ecumenical_altar, basic_altar
D:3:      layout_loops_ring, overflow_temple_1_default
D:4:      layout_rooms, minitemple, uniq_natasha
D:5:      layout_layer_cave, tso_metal_star, serial_demonic, serial_demonic_f,
          serial_demonic_a, serial_demonic_g, serial_demonic_e,
          minmay_crossroads, uniq_ijyb
D:6:      layout_loops_cross, minmay_misc_feat_pillars
D:7:      layout_loops_ring, minmay_temple_entry_fiery, grunt_ministairs_6,
          minivault_10, uniq_duvessa, uniq_prince_ribbit1

Skill      XL: |  1  2  3  4  5  6  7  8 |
---------------+-------------------------+-----
Axes           | 2 3 4 5 6 8 |  8.0
Throwing       | 1 2 |  2.3
Fighting       | 4 5 |  5.3
Dodging        | 1 |  1.0
Armour         | |  3.2
Shields        | |  3.2

Action                   |  1- 3 |  4- 6 |  7- 9 || total
-------------------------+-------+-------+-------++-------
Melee: War axe           |    81 |   103 |   130 ||   314
Throw: Javelin           |    24 |    23 |    24 ||    71
       Boomerang         |       |       |     3 ||     3
  Use: Scroll            |     6 |     5 |     4 ||    15
       Potion            |       |     2 |     2 ||     4
Armor: Scale mail        |    41 |    61 |    61 ||   163
Dodge: Dodged            |    38 |    49 |    54 ||   141
Block: Buckler           |    21 |    31 |    18 ||    70

Table legend:
 A = Non-vault XP
 B = Vault XP
 C = Vault XP percentage of total XP
 D = Non-vault monster count
 E = Vault monster count
 F = Vault count percentage of total count
                 A         B        C        D         E       F
            +---------+---------+-------+---------+---------+-------
      Total |    1426 |     323 |  18.5 |     107 |       9 |   7.8
            +---------+---------+-------+---------+---------+-------
        D:1 |      35 |       0 |   0.0 |      21 |       0 |   0.0
        D:2 |      72 |       0 |   0.0 |      22 |       0 |   0.0
        D:3 |      83 |       0 |   0.0 |      16 |       0 |   0.0
        D:4 |      99 |      37 |  27.2 |       9 |       1 |  10.0
        D:5 |     605 |     217 |  26.4 |      20 |       7 |  25.9
        D:6 |      52 |       0 |   0.0 |       8 |       0 |   0.0
        D:7 |     480 |      69 |  12.6 |      11 |       1 |   8.3
            +---------+---------+-------+---------+---------+-------
